[Event "Velammal-AICF Women GM 2019"]
[Site "Chennai"]
[Date "2019.01.29"]
[Round "3"]
[White "Uuriintuya, Uurtsaikh"]
[Black "Osmak, Iulija"]
[Result "1/2-1/2"]
[ECO "C77"]
[WhiteElo "2314"]
[BlackElo "2394"]
[Annotator "NA"]
[PlyCount "144"]
[EventDate "2019.01.28"]
[EventType "swiss"]
[EventCountry "IND"]
[SourceTitle "playchess.com"]
[Source "ChessBase"]
[SourceQuality "1"]
[TimeControl "5400+30"]

1. e4 e5 2. Nf3 Nc6 3. Bb5 a6 4. Ba4 Nf6 5. d3 Bc5 6. O-O d6 7. c3 Ba7 {[%emt 0:00:34] C78: Ruy Lopez: Archangelsk and Möller Defences} 8. Re1 O-O 9. Nbd2 Ne7 10. Nf1 Ng6 11. Ng3 c6 12. h3 {[%emt 0:04:39] LiveBook: 13 Games} Re8 13. d4 h6 14. Bc2 {[%emt 0:00:42] [#]} Qb6 $146 ({Predecessor:} 14... Qc7 15. Be3 Bd7 16. Qd2 c5 17. Rad1 cxd4 18. cxd4 Rac8 19. Bb1 {0-1 (58) Alekseev,E (2616)-Sjugirov,S (2650) Riadh 2017}) 15. a4 a5 16. Be3 Qc7 ({But not} 16... Qxb2 $6 17. Qd2 $16) 17. Qd2 Be6 18. Nf5 Bxf5 19. exf5 e4 20. fxg6 exf3 21. g3 Qd7 22. Kh2 Ne4 23. Bxe4 Rxe4 {[%emt 0:00:20] [#]} 24. Bxh6 $1 Rxe1 25. Rxe1 fxg6 26. Bf4 Rf8 27. Qe3 Bb8 28. h4 Bc7 29. Qe6+ Qxe6 30. Rxe6 Rf6 31. Re8+ Rf8 32. Rxf8+ Kxf8 33. g4 Kf7 34. Kg3 Ke6 35. c4 Bd8 36. b3 Bf6 37. Bd2 Bxd4 38. Bxa5 Bf6 39. Bd2 ({Don't take} 39. Kxf3 $6 Bxh4 40. Ke3 d5 $11) 39... d5 $16 40. h5 gxh5 41. gxh5 dxc4 42. bxc4 Kf5 43. Kxf3 Bb2 44. Be3 Bf6 45. Ke2 Kg4 46. h6 gxh6 47. Bxh6 Be5 48. Be3 Bf6 49. Kd3 Kf3 50. Kc2 Bh4 51. Kb3 Be7 52. Kc3 Ke4 53. Bd4 Bd8 54. Bc5 Ba5+ 55. Kc2 Bd8 56. Kd2 Kf3 57. Kd3 Bf6 58. Bb6 Bh4 59. Kc3 Bf6+ 60. Kb3 Be7 61. a5 Ke4 62. Kc3 Bf6+ 63. Kb4 Be7+ 64. Bc5 Bg5 65. Bb6 Be7+ 66. Kb3 Bf6 67. Bc5 Bg5 68. Kb4 Bd2+ 69. Ka4 Be1 70. Bb6 Bd2 71. Ka3 Bg5 72. Kb4 Ke5 1/2-1/2

[Event "Velammal-AICF Women GM 2019"]
[Site "Chennai"]
[Date "2019.01.29"]
[Round "3"]
[White "Babiy, Olga"]
[Black "Nakhbayeva, Guliskhan"]
[Result "1-0"]
[ECO "C17"]
[WhiteElo "2275"]
[BlackElo "2336"]
[Annotator "NA"]
[PlyCount "84"]
[EventDate "2019.01.28"]
[EventType "swiss"]
[EventCountry "IND"]
[SourceTitle "playchess.com"]
[Source "ChessBase"]
[SourceQuality "1"]
[TimeControl "5400+30"]

1. e4 e6 2. d4 d5 3. Nc3 Bb4 4. e5 c5 5. a3 Ba5 6. b4 cxd4 7. Nb5 Bc7 8. f4 Bd7 9. Nxc7+ Qxc7 10. Nf3 {[%emt 0:00:07] C18: French: 3 Nc3 Bb4: Main line: 7 h4 and 7 Qg4} Ba4 11. Bd3 Ne7 12. O-O Qb6 13. Kh1 Bb5 14. Nxd4 Bxd3 15. Qxd3 Nbc6 {[%emt 0:01:39] [#]} 16. Nb5 $146 ({Predecessor:} 16. Nf3 a6 17. Be3 Qb5 {½-½ (40) Vidit,S (2715)-Vitiugov,N (2730) Linares 2018}) 16... O-O 17. Be3 Qd8 18. Nd6 b6 19. c4 f6 20. exf6 Rxf6 21. Nb5 (21. c5 $16) 21... a6 (21... dxc4 $11 22. Qxc4 Nd5) 22. Nd4 dxc4 23. Qxc4 {[%emt 0:01:20] Double Attack} b5 24. Nxc6 bxc4 25. Nxd8 Rxd8 26. Bc5 Nd5 27. g3 Nc3 $2 (27... c3 $11 {and Black has nothing to worry.}) 28. Be7 Rd3 (28... Rc8 $142) 29. Bxf6 gxf6 30. Rac1 $18 Kf7 31. Rfe1 Ke7 32. Rc2 h5 33. Rec1 Nd5 34. Rxc4 Rxa3 35. f5 e5 36. Rc6 Kf7 37. Rd6 Ne3 38. Rd7+ Ke8 39. Ra7 Kd8 40. b5 Ra4 41. b6 Nc4 42. Ra8+ Ke7 1-0

[Event "Velammal-AICF Women GM 2019"]
[Site "Chennai"]
[Date "2019.01.29"]
[Round "3"]
[White "Aakanksha Hagawane"]
[Black "Franco Valencia, Angela"]
[Result "1-0"]
[ECO "C70"]
[WhiteElo "2259"]
[BlackElo "2107"]
[Annotator "NA"]
[PlyCount "93"]
[EventDate "2019.01.28"]
[EventType "swiss"]
[EventCountry "IND"]
[SourceTitle "playchess.com"]
[Source "ChessBase"]
[SourceQuality "1"]
[TimeControl "5400+30"]

1. e4 e5 2. Nf3 Nc6 3. Bb5 a6 4. Ba4 g6 5. O-O Bg7 6. c3 d6 7. h3 Bd7 8. d4 Nf6 9. Re1 O-O 10. Nbd2 Nh5 {[%emt 0:06:09] C60: Ruy Lopez: Unusual Black 3rd moves and 3...g6} (10... h6 11. Nf1 Re8 12. Ng3 b5 13. Bc2 exd4 14. cxd4 Nb4 15. Bb1 c5 16. d5 a5 17. a3 Na6 18. Bf4 {1-0 (57) Ivanchuk,V (2726)-Mamedyarov,S (2799) Huaian 2017}) 11. Nf1 h6 {[%emt 0:03:13] LiveBook: 4 Games} 12. Ng3 $146 ({White should play} 12. Be3 $14) ({Predecessor:} 12. Ne3 Re8 13. dxe5 dxe5 14. Bb3 Nf4 15. Nd5 Nxd5 16. Bxd5 Be6 17. Bxe6 Rxe6 18. Qb3 {½-½ (98) Ortiz Suarez,I (2611)-Matsuura,E (2486) Praia da Pipa 2014}) 12... Nxg3 13. fxg3 b5 14. Bc2 exd4 15. cxd4 Na5 16. Bd2 Nc4 17. Bc3 a5 18. b3 Na3 19. Bd3 b4 20. Bb2 c5 21. Qc1 (21. Qe2 $11 {remains equal.}) 21... Nb5 (21... Rc8 $15) 22. Bxb5 Bxb5 23. dxc5 Bxb2 24. Qxb2 dxc5 25. Rad1 Qb6 26. Kh2 Rad8 27. Rc1 a4 28. bxa4 Bxa4 29. Qf2 Rc8 30. Ne5 Qd6 31. Ng4 h5 32. Nf6+ Kg7 $1 33. e5 Qe6 (33... Qd4 $14 34. Qf1 Rc6) 34. Ne4 c4 35. Nc5 Qc6 36. Rxc4 Bb5 37. Rcc1 Qd5 38. e6 h4 39. gxh4 Kh7 40. e7 Rfe8 41. Ne4 Kh6 42. Qf4+ Kg7 $18 43. Qf6+ Kh6 44. Rxc8 Rxc8 45. Qg5+ Qxg5 46. hxg5+ Kg7 47. Nd6 1-0

[Event "Velammal-AICF Women GM 2019"]
[Site "Chennai"]
[Date "2019.01.29"]
[Round "3"]
[White "Michelle Catherina, P."]
[Black "Munguntuul, Batkhuyag"]
[Result "1/2-1/2"]
[ECO "B44"]
[WhiteElo "2175"]
[BlackElo "2428"]
[Annotator "NA RC"]
[PlyCount "93"]
[EventDate "2019.01.28"]
[EventType "swiss"]
[EventCountry "IND"]
[SourceTitle "playchess.com"]
[Source "ChessBase"]
[SourceQuality "1"]
[TimeControl "5400+30"]

1. e4 c5 2. Nf3 e6 3. d4 cxd4 4. Nxd4 Nc6 5. Nb5 d6 6. c4 Nf6 7. N1c3 a6 8. Na3 Be7 9. Be2 O-O 10. O-O b6 11. Be3 Bb7 12. f3 Ne5 13. Kh1 Rc8 14. Rc1 Qc7 15. Qd2 Rfe8 16. Rfd1 Ned7 17. Bf1 Qb8 18. Nc2 {[%emt 0:09:39] B44: Sicilian: Taimanov: 5 Nb5} (18. Bf4 Ne5 19. Bg5 Red8 20. Be3 Ned7 21. Qf2 Ba8 22. Rd2 h6 23. Rcd1 Qc7 24. Nc2 Re8 25. a3 Bb7 {½-½ (55) Henriquez Villagra,C (2500)-Potkin,V (2574) St Petersburg 2017}) 18... Bd8 19. Bg1 Bc7 20. Ne3 {[%emt 0:01:27] LiveBook: 5 Games} Ne5 21. h3 $146 ({Predecessor:} 21. Qf2 Red8 22. Rc2 Qa8 23. Rcd2 h6 24. Rd4 Nc6 25. R4d2 Ne5 {½-½ (32) Barria Zuniga,D (2432)-Elissalt Cardenas,H (2353) Madrid 2012}) 21... Rcd8 22. Bh2 Nh5 23. b4 h6 24. Ng4 Ng6 25. a3 Kh7 26. Bd3 Kg8 27. Bf1 Re7 28. Kg1 Red7 29. Rc2 Ba8 30. Rcc1 Qa7 31. Kh1 Bb8 32. Rc2 ({Better is} 32. Nxh6+ $16 gxh6 33. Qxh6) 32... d5 $1 33. Bxb8 Qxb8 34. cxd5 Ng3+ 35. Kg1 Nxf1 36. Kxf1 ({Much weaker is} 36. Rxf1 exd5 37. exd5 Bxd5 $15) 36... exd5 37. Nxd5 Bxd5 38. exd5 Nf4 39. Ne3 Qe5 $11 40. Qd4 Qxd4 41. Rxd4 Nxd5 42. Nxd5 Rxd5 43. Rxd5 Rxd5 44. Rc8+ Kh7 45. Rc6 Rd3 46. a4 Ra3 47. Rxb6 1/2-1/2

[Event "Velammal-AICF Women GM 2019"]
[Site "Chennai"]
[Date "2019.01.29"]
[Round "3"]
[White "Divya Deshmukh"]
[Black "Sapale Saloni"]
[Result "1-0"]
[ECO "B50"]
[WhiteElo "2168"]
[BlackElo "2198"]
[Annotator "NA"]
[PlyCount "65"]
[EventDate "2019.01.28"]
[EventType "swiss"]
[EventCountry "IND"]
[SourceTitle "playchess.com"]
[Source "ChessBase"]
[SourceQuality "1"]
[TimeControl "5400+30"]

1. e4 c5 2. Nf3 d6 3. d4 Nf6 4. Nc3 cxd4 5. Qxd4 Nc6 6. Bb5 Bd7 7. Bxc6 Bxc6 8. Bg5 Qa5 (8... e6 $11) 9. O-O-O {[%emt 0:04:20] LiveBook: 11 Games} Rc8 {[%emt 0:02:03] B53: Sicilian: 2...d6: Lines with Qxd4} 10. Kb1 e5 $146 ({Predecessor:} 10... h6 11. Bxf6 gxf6 12. Qd3 Qc5 13. Nd4 Bd7 14. Rhe1 Rg8 15. g3 Qc4 16. Qd2 e6 17. f4 {½-½ (41) Stojanovski,D (2436)-Stanojoski,Z (2493) Skopje 2011}) 11. Qd2 Be7 12. h4 h6 13. Bxf6 $1 Bxf6 14. g4 Be7 15. Ne1 Qd8 16. Ng2 Bd7 17. Ne3 Be6 18. g5 Rc6 19. Ncd5 Bxd5 20. exd5 Rc7 21. Nf5 hxg5 22. hxg5 Rxh1 23. Rxh1 Kd7 24. g6 Qf8 25. gxf7 Qxf7 26. Qd3 Rc5 27. c4 b5 28. b3 Bf6 29. Ng3 bxc4 30. bxc4 Bd8 31. Ne4 $18 Rc8 32. Qh3+ Kc7 33. Qxc8+ 1-0

[Event "Velammal-AICF Women GM 2019"]
[Site "Chennai"]
[Date "2019.01.29"]
[Round "3"]
[White "Chandreyee, Hajra"]
[Black "Varshini, V."]
[Result "1/2-1/2"]
[ECO "B92"]
[WhiteElo "1925"]
[BlackElo "2171"]
[Annotator "NA"]
[PlyCount "90"]
[EventDate "2019.01.28"]
[EventType "swiss"]
[EventCountry "IND"]
[SourceTitle "playchess.com"]
[Source "ChessBase"]
[SourceQuality "1"]
[TimeControl "5400+30"]

1. e4 c5 2. Nf3 d6 3. d4 cxd4 4. Nxd4 Nf6 5. Nc3 a6 6. Be2 e5 7. Nb3 Be7 8. O-O O-O 9. Kh1 Be6 10. f4 Qc7 11. Nd5 Bxd5 12. exd5 Nbd7 13. c4 b6 14. Be3 Nc5 15. Nxc5 bxc5 16. Qc2 Rfe8 17. fxe5 dxe5 18. a3 e4 19. Bd1 Bd6 20. g3 Nd7 21. Qg2 Ne5 22. Ba4 Re7 23. Qxe4 Nxc4 24. Qxc4 Rxe3 25. Rae1 Qe7 26. Rxe3 Qxe3 27. Kg2 g6 28. Rf2 h5 29. Qe2 Qxe2 30. Rxe2 Kg7 31. Bb3 Rb8 32. Bc4 a5 33. a4 Rh8 34. h3 Rb8 35. b3 Rh8 36. Bb5 Rd8 37. Re8 Rxe8 38. Bxe8 Kf8 39. Bb5 Ke7 40. Kf3 Bc7 41. g4 hxg4+ 42. hxg4 Kd6 43. Ke4 f5+ 44. gxf5 gxf5+ 45. Kxf5 Kxd5 {[%emt 0:00:01] Ke4+ Ke5+} 1/2-1/2

[Event "Velammal-AICF Women GM 2019"]
[Site "Chennai"]
[Date "2019.01.31"]
[Round "5"]
[White "Aakanksha Hagawane"]
[Black "Uuriintuya, Uurtsaikh"]
[Result "1/2-1/2"]
[ECO "B44"]
[WhiteElo "2259"]
[BlackElo "2314"]
[Annotator "NA RC"]
[PlyCount "92"]
[EventDate "2019.01.28"]
[EventType "swiss"]
[EventCountry "IND"]
[SourceTitle "playchess.com"]
[Source "ChessBase"]
[SourceQuality "1"]
[TimeControl "5400+30"]

1. e4 c5 2. Nf3 e6 3. d4 cxd4 4. Nxd4 Nc6 5. Nb5 d6 6. c4 Nf6 7. N1c3 a6 8. Na3 Be7 9. Be2 O-O 10. Be3 b6 11. O-O Bb7 12. Qb3 Ne5 13. f3 Ned7 14. Rfd1 Qc7 15. Rac1 Rac8 16. Qc2 {[%emt 0:07:07] B44: Sicilian: Taimanov: 5 Nb5} (16. Kh1 Rfe8 17. Bf1 Qb8 18. Bg1 h6 19. Nab1 Bc6 20. a3 a5 21. Nd2 Nc5 22. Qa2 a4 23. b4 axb3 24. Nxb3 Nxb3 25. Qxb3 {½-½ (39) Magem Badals,J (2500)-Almasi,Z (2668) Sabadell 2008}) 16... Rfe8 17. Qd2 Qb8 18. Nc2 Bc6 19. b3 $146 ({Predecessor:} 19. Bf4 Ne5 20. Qe1 Bb7 21. b3 d5 22. cxd5 exd5 23. Nxd5 Bxd5 24. exd5 Nxf3+ 25. Bxf3 Qxf4 {0-1 (43) Burzak,W (1687)-Slomczewski,M (1956) Polanica Zdroj 2017}) 19... Ba8 20. Bf4 Ne5 21. Nb4 Bb7 22. Nd3 Ng6 23. Bg3 h5 24. Nf4 Ne5 25. Kh1 Bc6 26. a4 Rcd8 27. Nd3 h4 28. Bxh4 Nxe4 $1 29. Qe1 Bxh4 30. Qxh4 Ng6 31. Qe1 Nc5 32. Rb1 Qc7 33. Qg3 Qe7 34. Nxc5 dxc5 35. Bd3 Nh4 36. Ne2 Rd7 37. Bc2 Red8 38. Rxd7 Rxd7 39. Rd1 Rxd1+ 40. Bxd1 Qd8 41. Bc2 g6 42. Qf4 e5 43. Qe3 Qf6 44. h3 {[%emt 0:00:26] [#]} Kg7 $2 (44... Nxf3 $1 $19 45. Nc3 (45. gxf3 Qxf3+) 45... Nd4) 45. Ng3 Bb7 46. Be4 Bxe4 1/2-1/2

[Event "Velammal-AICF Women GM 2019"]
[Site "Chennai"]
[Date "2019.01.31"]
[Round "5"]
[White "Divya Deshmukh"]
[Black "Varshini, V."]
[Result "1-0"]
[ECO "B99"]
[WhiteElo "2168"]
[BlackElo "2171"]
[Annotator "ChessBase"]
[PlyCount "107"]
[EventDate "2019.01.28"]
[EventType "swiss"]
[EventCountry "IND"]
[SourceTitle "playchess.com"]
[Source "ChessBase"]
[SourceQuality "1"]
[TimeControl "5400+30"]

1. e4 c5 2. Nf3 d6 3. d4 cxd4 4. Nxd4 Nf6 5. Nc3 a6 6. Bg5 e6 7. f4 Be7 8. Qf3 Qc7 9. O-O-O Nbd7 10. g4 h6 11. Bh4 g5 12. e5 gxh4 13. exf6 Nxf6 14. g5 hxg5 15. fxg5 Nh7 16. g6 fxg6 17. Bd3 Nf8 18. Rhf1 Rh7 19. Rde1 Qc5 20. Nxe6 Bxe6 21. Rxe6 O-O-O 22. Re4 Kb8 23. Kb1 Nd7 24. Qh1 Ne5 25. Be2 Rc8 26. a3 Qc6 27. Qg1 Rhh8 28. Rb4 Bd8 29. Bg4 Nxg4 30. Qxg4 Ba5 31. Rb3 d5 32. Rf7 Rc7 33. Qf4 h3 34. Qe5 Rd8 35. Rf6 Qc4 36. Rxg6 d4 37. Qxa5 dxc3 38. bxc3 Qf1+ 39. Kb2 Kc8 40. Rb4 Qf2 41. Qe5 Qc5 42. Qe6+ Kb8 43. Qxh3 Rdc8 44. Rb3 a5 45. a4 Qe5 46. Rgb6 Rd8 47. Qg2 Rd5 48. Qf3 Ka7 49. h4 Qh5 50. Qf2 Kb8 51. Rf6 Rd8 52. Rfb6 Rd5 53. Qf8+ Ka7 54. Ra6+ 1-0

[Event "Velammal-AICF Women GM 2019"]
[Site "Chennai"]
[Date "2019.01.31"]
[Round "5"]
[White "Chandreyee, Hajra"]
[Black "Nakhbayeva, Guliskhan"]
[Result "0-1"]
[ECO "C01"]
[WhiteElo "1925"]
[BlackElo "2336"]
[Annotator "NA RC"]
[PlyCount "84"]
[EventDate "2019.01.28"]
[EventType "swiss"]
[EventCountry "IND"]
[SourceTitle "playchess.com"]
[Source "ChessBase"]
[SourceQuality "1"]
[TimeControl "5400+30"]

1. e4 e6 2. d4 d5 3. exd5 exd5 4. Nf3 Nc6 5. c3 ({Predecessor:} 5. Bd3 Bd6 6. O-O Nge7 7. Re1 Bg4 {0-1 (52) Berrou,M (2016)-Lahr,M (2006) Bad Vilbel 2010}) 5... Bd6 6. Bd3 Bg4 $146 (6... Nge7 7. O-O {½-½ (20) Martin Del Campo C,R (2374)-Hernandez Guerrero,G (2506) Mexico City 2016}) 7. O-O Nge7 8. Re1 Qd7 9. b4 O-O-O {[%emt 0:03:27] C01: French: Exchange Variation} (9... O-O 10. Nbd2 Bf5 11. Nf1 a6 12. Ng3 Bxd3 13. Qxd3 Bxg3 14. hxg3 Rfe8 15. Bd2 Ng6 16. Rxe8+ Rxe8 17. Re1 Rxe1+ 18. Bxe1 f6 19. Bd2 Qe6 20. Qe3 Qxe3 {½-½ (20) Martin Del Campo C,R (2374)-Hernandez Guerrero,G (2506) Mexico City 2016}) 10. a4 ({Predecessor:} 10. Be3 f5 11. a4 {0-1 (52) Berrou,M (2016)-Lahr,M (2006) Bad Vilbel 2010}) 10... Ng6 11. Be3 f5 12. h3 ({Predecessor:} 12. Be2 Rde8 13. a5 Bf4 14. b5 Nb8 15. Qd3 Bxe3 16. fxe3 f4 17. Bd1 {0-1 (52) Berrou,M (2016)-Lahr,M (2006) Bad Vilbel 2010}) 12... Bh5 $1 13. Qc2 Rhf8 14. b5 Nce7 {[%emt 0:10:31] [#]} (14... Na5 $11 {keeps the balance.} 15. Be2 Rde8) 15. Ne5 $1 Bxe5 16. dxe5 Kb8 (16... f4 $16 17. Bd4 (17. Bxa7 Qe6 $16) 17... Qe6) 17. f4 (17. Nd2 $16) 17... d4 $1 18. cxd4 (18. Bc1 $1 $14) 18... Nxf4 19. Bc4 Ne6 20. d5 Nxd5 21. Bxd5 (21. Bf2 $1 $15) 21... Qxd5 22. Qf2 b6 23. a5 {[%emt 0:10:21] [#]} (23. Qa2 {keeps fighting.}) 23... f4 $1 ({Less strong is} 23... Qxe5 24. Na3 $17) 24. Bc1 Qd4 25. Ra2 g5 26. axb6 axb6 27. Ba3 Rfe8 28. Qxd4 Rxd4 29. Nc3 $1 $11 Red8 30. Be7 Re8 31. Bf6 Kc8 32. Ne4 h6 33. Bh8 (33. Nc3 $17) 33... Kb7 34. Nf6 Rxh8 35. Nxh5 Ra8 36. Rc2 Rb4 37. Rc6 Nd4 38. Rxh6 $2 (38. e6 Ra2 39. e7 Ne2+ 40. Kf1) 38... Ra2 39. Rd1 f3 40. g4 Rg2+ 41. Kh1 Rbb2 42. Rf6 Rh2+ {[%emt 0:00:13] Double Attack} 0-1

[Event "Velammal-AICF Women GM 2019"]
[Site "Chennai"]
[Date "2019.01.31"]
[Round "6"]
[White "Nakhbayeva, Guliskhan"]
[Black "Michelle Catherina, P."]
[Result "1-0"]
[ECO "E48"]
[WhiteElo "2336"]
[BlackElo "2175"]
[Annotator "NA"]
[PlyCount "91"]
[EventDate "2019.01.28"]
[EventType "swiss"]
[EventCountry "IND"]
[SourceTitle "playchess.com"]
[Source "ChessBase"]
[SourceQuality "1"]
[TimeControl "5400+30"]

1. d4 Nf6 2. c4 e6 3. Nc3 Bb4 4. e3 O-O 5. Bd3 d5 6. cxd5 exd5 7. Nge2 Re8 8. O-O a5 9. f3 b6 10. a3 Bxc3 11. bxc3 Ba6 12. Ng3 c5 13. Rb1 Bxd3 14. Qxd3 Nbd7 15. a4 Rc8 16. Re1 $11 h6 17. Bd2 Qc7 18. Rbc1 Qc6 19. e4 cxd4 20. cxd4 Qxa4 21. e5 Nh7 22. Nf5 Rxc1 23. Rxc1 Ndf8 24. f4 Qd7 25. h3 a4 26. Nd6 Ra8 27. Bb4 Ng6 28. f5 Ne7 29. Ba3 Nc8 30. Qb5 Qxb5 31. Nxb5 Ng5 32. Nc7 Rb8 33. Nxd5 Kh7 34. Rc7 b5 35. Bb4 Nb6 36. Nxb6 Rxb6 37. d5 Ra6 38. Rc3 g6 39. f6 Ra8 40. h4 Ne4 41. Re3 Nd2 42. Bxd2 a3 43. Re1 a2 44. Ra1 Kg8 45. d6 Kf8 46. d7 1-0

[Event "Velammal-AICF Women GM 2019"]
[Site "Chennai"]
[Date "2019.01.31"]
[Round "6"]
[White "Uuriintuya, Uurtsaikh"]
[Black "Chandreyee, Hajra"]
[Result "1-0"]
[ECO "B10"]
[WhiteElo "2314"]
[BlackElo "1925"]
[Annotator "NA"]
[PlyCount "67"]
[EventDate "2019.01.28"]
[EventType "swiss"]
[EventCountry "IND"]
[SourceTitle "playchess.com"]
[Source "ChessBase"]
[SourceQuality "1"]
[TimeControl "5400+30"]

1. e4 c6 2. c4 d5 3. cxd5 cxd5 4. exd5 Nf6 5. Nc3 Nxd5 6. Nf3 Nc6 7. Bb5 e6 8. O-O Be7 9. d4 O-O 10. Re1 Bd7 11. Bd3 Bf6 12. Be4 Nce7 13. Qd3 g6 14. Bg5 Bc6 15. h4 h5 16. Ne5 Bxg5 17. hxg5 Nxc3 18. bxc3 Bxe4 19. Qxe4 Nf5 20. Qxb7 Qxg5 21. Nxf7 Qf6 22. Ne5 Nxd4 23. Qb2 Nf5 24. Nd7 Qg5 25. Nxf8 Nh4 26. Qb7 Rxf8 27. Rxe6 Nf3+ 28. Kf1 Nd2+ 29. Ke1 Nc4 30. Rd1 Qf5 31. Re2 Kh8 32. Qd5 Qc8 33. Qd4+ Kh7 34. Qd7+ 1-0

[Event "Velammal-AICF Women GM 2019"]
[Site "Chennai"]
[Date "2019.01.31"]
[Round "6"]
[White "Babiy, Olga"]
[Black "Aakanksha Hagawane"]
[Result "1/2-1/2"]
[ECO "C11"]
[WhiteElo "2275"]
[BlackElo "2259"]
[Annotator "NA"]
[PlyCount "73"]
[EventDate "2019.01.28"]
[EventType "swiss"]
[EventCountry "IND"]
[SourceTitle "playchess.com"]
[Source "ChessBase"]
[SourceQuality "1"]
[TimeControl "5400+30"]

1. e4 e6 2. d4 d5 3. Nc3 Nf6 4. e5 Nfd7 5. f4 c5 6. Nf3 Nc6 7. Be3 a6 8. Qd2 b5 9. dxc5 Bxc5 10. Bd3 Qb6 11. Bf2 Bb7 12. O-O Bxf2+ 13. Qxf2 Qxf2+ 14. Kxf2 Ke7 15. Ne2 f6 16. exf6+ gxf6 17. Rad1 Rad8 18. Rfe1 Nc5 19. Ned4 Nxd4 20. Nxd4 Ne4+ 21. Bxe4 dxe4 22. Ke3 f5 23. a4 b4 24. a5 Rd5 25. Nb3 Rc8 26. Rxd5 Bxd5 27. Nd4 Rg8 28. g3 h5 29. Rd1 Kf6 30. Ne2 h4 31. gxh4 Rh8 32. Rd4 Rxh4 33. Rxb4 Rh3+ 34. Kd4 Rxh2 35. Ke3 Rh3+ 36. Kd4 Rh2 37. Ke3 1/2-1/2

[Event "Velammal-AICF Women GM 2019"]
[Site "Chennai"]
[Date "2019.01.31"]
[Round "6"]
[White "Varshini, V."]
[Black "Sapale Saloni"]
[Result "1/2-1/2"]
[ECO "C06"]
[WhiteElo "2171"]
[BlackElo "2198"]
[Annotator "NA"]
[PlyCount "62"]
[EventDate "2019.01.28"]
[EventType "swiss"]
[EventCountry "IND"]
[SourceTitle "playchess.com"]
[Source "ChessBase"]
[SourceQuality "1"]
[TimeControl "5400+30"]

1. e4 e6 2. d4 d5 3. Nd2 Nf6 4. e5 Nfd7 5. Bd3 c5 6. c3 Nc6 7. Ne2 cxd4 8. cxd4 f6 9. exf6 Nxf6 10. Nf3 Bd6 11. O-O Qc7 12. h3 O-O 13. Be3 Bd7 14. Rc1 Be8 15. Ng5 Qe7 16. f4 Rd8 17. Nc3 h6 18. Nf3 $11 Nh5 19. Ne5 Ng3 20. Rf2 Nf5 21. Bxf5 Rxf5 22. Qe2 a6 23. Qd3 Bxe5 24. fxe5 Bg6 25. Rxf5 Bxf5 26. Qe2 Qh4 27. Qf2 Qxf2+ 28. Bxf2 Nb4 29. Na4 Rf8 30. Rc7 Rf7 31. Rxf7 Kxf7 1/2-1/2

[Event "Velammal-AICF Women GM 2019"]
[Site "Chennai"]
[Date "2019.02.02"]
[Round "8"]
[White "Franco Valencia, Angela"]
[Black "Munguntuul, Batkhuyag"]
[Result "0-1"]
[ECO "B47"]
[WhiteElo "2107"]
[BlackElo "2428"]
[Annotator "ChessBase"]
[PlyCount "64"]
[EventDate "2019.01.28"]
[EventType "swiss"]
[EventCountry "IND"]
[SourceTitle "playchess.com"]
[Source "ChessBase"]
[SourceQuality "1"]
[TimeControl "5400+30"]

1. e4 c5 2. Nf3 e6 3. d4 cxd4 4. Nxd4 Nc6 5. Nc3 Qc7 6. Be2 a6 7. O-O Nf6 8. Kh1 Be7 9. f4 d6 10. Bf3 O-O 11. Nb3 b5 12. a3 Bb7 13. Qe2 Rab8 14. Be3 b4 15. axb4 Nxb4 16. f5 e5 17. Rfd1 Rfd8 18. Qf2 Rd7 19. Bb6 Qc8 20. Ra4 d5 21. Nc5 Bxc5 22. Bxc5 dxe4 23. Be2 Nbd5 24. Nxd5 Nxd5 25. Rc4 Qd8 26. Qg3 Qf6 27. Rxe4 Nf4 28. Rxd7 Bxe4 29. Bc4 Rd8 30. Rxf7 Rd1+ 31. Bg1 Qxf7 32. Bxf7+ Kxf7 0-1

[Event "Velammal-AICF Women GM 2019"]
[Site "Chennai"]
[Date "2019.02.02"]
[Round "9"]
[White "Sapale Saloni"]
[Black "Uuriintuya, Uurtsaikh"]
[Result "1/2-1/2"]
[ECO "B35"]
[WhiteElo "2198"]
[BlackElo "2314"]
[Annotator "NA RC"]
[PlyCount "142"]
[EventDate "2019.01.28"]
[EventType "swiss"]
[EventCountry "IND"]
[SourceTitle "playchess.com"]
[Source "ChessBase"]
[SourceQuality "1"]
[TimeControl "5400+30"]

1. e4 c5 2. Nf3 (2. Nc3 Nc6 3. Nge2 g6 4. d4 cxd4 {½-½ (45) Wieczorek,O (2477)-Lu,S (2635) Aracaju 2018}) 2... Nc6 3. d4 cxd4 4. Nxd4 g6 5. Nc3 Bg7 6. Be3 Nf6 7. Bc4 Qa5 8. O-O O-O 9. Bb3 d6 10. h3 Bd7 11. Re1 Rfe8 12. Nf3 {[%emt 0:01:24] B35: Sicilian: Accelerated Dragon with 5 Nc3: main line} b5 (12... Rac8 13. Qd2 a6 14. Rad1 Be6 15. Bxe6 fxe6 16. Ng5 e5 17. Ne6 Bh8 18. a3 Nd8 19. Nxd8 Rexd8 {½-½ (45) Wieczorek,O (2477)-Lu,S (2635) Aracaju 2018}) 13. a3 Rac8 $146 ({Predecessor:} 13... a6 14. Bg5 Rad8 15. Nd5 Nxd5 16. exd5 Ne5 17. Nxe5 Bxe5 18. c3 Qc7 19. Qf3 {Gysi,A (2446)-Donnelly,M (2486) ICCF email 2008}) 14. Qe2 a6 15. Ng5 Rf8 16. f4 Qc7 17. Qf2 Qb7 18. Rad1 a5 {[%emt 0:05:35] [#]} ({Black should try} 18... h6 $14 19. Nf3 Na5) 19. Bc1 ({White should try} 19. e5 $1 $16 dxe5 20. fxe5 Nxe5 21. Bc5) 19... Ne8 {[%emt 0:21:47] [#]} (19... b4 $16) 20. Nd5 $2 ({White should play} 20. f5 $1 $18 Nf6 21. fxg6 hxg6 22. Nd5) 20... h6 21. Nf3 Rd8 $2 (21... e6 $16 {was called for.}) 22. Nh4 Kh7 ({Better is} 22... a4 $14 23. Ba2 Rb8) 23. f5 e6 24. Nb6 Ne5 25. Nxd7 Qxd7 26. Nf3 Qe7 {[%emt 0:05:51] [#]} 27. Nxe5 (27. Nd4 $1 $16) 27... Bxe5 28. Rf1 Bg7 $16 (28... Nf6 $14) 29. c3 d5 30. Bc2 dxe4 31. Rxd8 Qxd8 32. Rd1 Qf6 33. fxg6+ Qxg6 34. Be3 Be5 35. Rd7 Nf6 36. Rb7 Rb8 37. Rxb8 Bxb8 38. Bd4 e5 39. Be3 Kg7 40. Qd2 Bc7 41. Qe2 Nh5 42. Qxb5 Nf4 43. Bxf4 exf4 44. Kf1 Qe6 45. Bb3 Qg6 46. Bc2 Qe6 47. Bb3 Qd6 48. Qc4 Qe7 49. Bc2 e3 50. Qd3 Qf6 51. Qh7+ Kf8 52. Qf5 Qh4 53. Qc8+ Bd8 54. g3 fxg3 55. Qc5+ Kg7 56. Qf5 Bc7 57. Bb3 Kf8 58. Bc2 Bd8 59. Qc5+ Kg7 60. Qf5 Bc7 61. Qg4+ Qxg4 62. hxg4 Kf6 63. Bd1 Be5 64. Kg2 Kg5 65. a4 Kf4 66. Be2 Ke4 67. b4 axb4 68. cxb4 Kd4 69. a5 f6 70. a6 Bb8 71. b5 Kc5 1/2-1/2

[Event "Velammal-AICF Women GM 2019"]
[Site "Chennai"]
[Date "2019.02.02"]
[Round "9"]
[White "Varshini, V."]
[Black "Franco Valencia, Angela"]
[Result "1/2-1/2"]
[ECO "C75"]
[WhiteElo "2171"]
[BlackElo "2107"]
[Annotator "NA RC"]
[PlyCount "53"]
[EventDate "2019.01.28"]
[EventType "swiss"]
[EventCountry "IND"]
[SourceTitle "playchess.com"]
[Source "ChessBase"]
[SourceQuality "1"]
[TimeControl "5400+30"]

1. e4 e5 2. Nf3 Nc6 3. Bb5 a6 4. Ba4 d6 5. c3 Bd7 6. O-O g6 7. d4 Bg7 8. Be3 Nf6 9. Bc2 O-O 10. dxe5 dxe5 11. Qe2 Qe7 12. Nbd2 Nh5 13. Nb3 b6 14. Rad1 a5 15. Nc1 a4 16. a3 Na5 17. Bd3 Nf4 18. Bxf4 exf4 19. h3 Bc6 20. Rfe1 Qc5 21. Na2 Rfe8 22. Nb4 Bb7 23. Nd4 (23. e5 $14) 23... Qg5 24. Nf3 Qc5 25. Nd4 $11 Qg5 26. Nf3 Qc5 27. Nd4 1/2-1/2